 Dungeon Crawl Stone Soup version 0.24.1 (webtiles) character file.

Game seed: 1113311121622921313, levelgen mode: deterministic

6 Destapler the Sneak (level 1, 0/7 HPs)
             Began as a Felid Air Elementalist on Apr 5, 2020.
             Slain by a kobold
             ... wielding a +0 club
              (7 damage)
             ... on level 1 of the Dungeon.
             The game lasted 00:01:15 (139 turns).

Destapler the Sneak (Felid Air Elementalist)         Turns: 139, Time: 00:01:15

Health: 0/7        AC:  1    Str:  4    XL:     1   Next: 75%
Magic:  3/4        EV: 18    Int: 16    God:
Gold:   0          SH:  0    Dex: 16    Spells: 3/4 levels left
                                        Lives:  0   Deaths: 0

rFire    . . .     SeeInvis +   (weapon unavailable)
rCold    . . .     Gourm    .   (shield unavailable)
rNeg     . . .     Faith    .   (armour unavailable)
rPois    .         Spirit   .   (helmet unavailable)
rElec    .         Reflect  .   (cloak unavailable)
rCorr    .         Harm     .   (gloves unavailable)
MR       .....                  (boots unavailable)
Stlth    +++.......             (no amulet)
HPRegen  0.02/turn              (no ring)
MPRegen  0.09/turn              (no ring)

@: quick
A: very small, no armour, no weapons or thrown items, stealth, claws 1, fangs 3,
see invisible, carnivore, speed 1, shaggy fur 1, slow metabolism 1, sharp paws
a: no special abilities


You were on level 1 of the Dungeon.
You were completely stuffed.

You visited 1 branch of the dungeon, and saw 1 of its levels.

Inventory:

Comestibles
 a - a chunk of flesh
 b - a ration


   Skills:
 + Level 0.0 Fighting
 + Level 2.8 Dodging
 + Level 2.9 Stealth
 + Level 0.0 Unarmed Combat
 - Level 2.1 Spellcasting
 - Level 1.0 Conjurations
 - Level 2.7 Air Magic


You had 3 spell levels left.
You knew the following spells:

 Your Spells              Type           Power        Failure   Level  Hunger
a - Shock                 Conj/Air       #...         10%         1    #......

Your spell library contained the following spells:

 Spells                   Type           Power        Failure   Level  Hunger
 Swiftness                Chrm/Air       #.......     17%         2    ###....
 Static Discharge         Conj/Air       #.......     28%         3    ###....
 Airstrike                Air            ##........   54%         4    #####..
 Lightning Bolt           Conj/Air       #.........   95%         5    ######.


Dungeon Overview and Level Annotations

Branches:
Dungeon (1/15)

Altars:


Innate Abilities, Weirdness & Mutations

You cannot wear armour.
You are incapable of wielding weapons or throwing items.
Your paws allow you to move quietly. (Stealth)
You have sharp claws.
You have razor-sharp teeth.
You have supernaturally acute eyesight. (SInv)
You are carnivorous and can eat meat at any time.
You cover ground quickly.
You are covered in fur. (AC +1)
You have a slow metabolism.
Your sharp claws are effective at attacking unaware monsters.


Message History

Things that are here:
a +0 dagger; a goblin skeleton Eating one of 3 chunks of flesh.
You eat one of the 3 chunks of flesh.
This raw flesh tastes great.
Eating one of 2 chunks of flesh.
You eat one of the 2 chunks of flesh.
This raw flesh tastes great.
A kobold comes into view. It is wielding a +0 club.
The kobold throws a stone.
The stone hits you but does no damage. 2 hobgoblins come into view.
The kobold throws a stone.
The stone closely misses you.
Found a metallic emerald potion.
The kobold completely misses you.
Found a scroll labeled FUXKOL ETOMAON.
Unknown command.
The kobold throws a stone.
The stone closely misses you.
The kobold throws a stone.
The stone barely misses you. The kobold barely misses you.
You closely miss the kobold. The kobold hits you with a +0 club!
Ouch! That really hurt!
You die...

...####......#...
##.....)....#...
#>#.#........##
#.#......#..
#######....######.
................ .
######..########
... ##(.##
#...###(@.#
#....K#######
###.....g....
#.....######
##...... #........
#.....#....
#....!g..##
#..........


You could see a kobold.

Vanquished Creatures
  3 goblins (D:1)
  A hobgoblin (D:1)
  A rat (D:1)
5 creatures vanquished.

Notes
Turn   | Place    | Note
-------+----------+-------------------------------------------
     0 | D:1      | Destapler the Felid Air Elementalist began the quest for
                  | the Orb.
     0 | D:1      | Reached XP level 1. HP: 7/7 MP: 4/4
    15 | D:1      | Reached skill level 1 in Conjurations
   139 | D:1      | Slain by a kobold

Levels and vault maps discovered:
D:1:      onia_arrival_pyramid, layout_rooms

Skill      XL: |  1 |
---------------+----+-----
Conjurations   | 1 |  1.0
Dodging        | |  2.8
Stealth        | |  2.9
Spellcasting   | |  2.1
Air Magic      | |  2.7

Action                   || total
-------------------------++-------
Melee: Unarmed           ||    14
       Bite              ||     2
 Cast: Shock             ||    10
  Eat: Chunk             ||     6
Armor: Skin              ||     1
Dodge: Dodged            ||    18
